 Dungeon Crawl Stone Soup version 0.14-a0-817-g3f7b0b1 (webtiles) character file.

4598 Malachi the Protected (level 10, -3/80 HPs)
             Began as a Hill Orc Healer on Nov 12, 2013.
             Was a Believer of Elyvilon.
             Killed by divine providence
             ... invoked by an orc priest
              (7 damage)
             ... on Level 8 of the Dungeon.
             The game lasted 00:35:29 (11818 turns).

Malachi the Protected (Hill Orc Healer)            Turns: 11818, Time: 00:35:29

HP  -3/80        AC 24     Str 19      XL: 10   Next: 32%
MP  22/22        EV  7     Int 12      God: Elyvilon [**....]
Gold 294         SH  0     Dex 10      Spells:  0 memorised,  9 levels left

Res.Fire  : . . .   See Invis. : .   O - +0,+4 orc flail (protect)
Res.Cold  : . . .   Warding    : .   y - +0 orc chain mail
Life Prot.: . . .   Conserve   : .   (no shield)
Res.Poison: .       Res.Corr.  : .   h - +0 cap
Res.Elec. : .       Clarity    : .   N - +1 cloak
Sust.Abil.: . .     Spirit.Shd : .   t - +0 pair of dwarf gauntlets
Res.Mut.  : .       Stasis     : .   (no boots)
Res.Rott. : .       Flight     : .   Q - amulet of rage
Saprovore : + . .                    u - +3 ring of protection
                                     B - ring of regeneration

@: exhausted, slowed, very slow, somewhat resistant to hostile enchantments,
extremely unstealthy
A: saprovore 1
a: Lesser Healing, Lesser Self-Healing, Divine Protection, Purification,
Renounce Religion, Convert to Beogh, Evoke Berserk Rage


You were on level 8 of the Dungeon.
You worshipped Elyvilon.
Elyvilon was pleased with you.
You were very hungry.

You visited 1 branch of the dungeon, and saw 8 of its levels.
You also visited: Sewer.

You collected 294 gold pieces.

Inventory:

Hand weapons
 j - a +3,+3 short sword of venom
 l - a +0 orcish blowgun
 H - a +2,+0 whip of freezing
 J - a +0,+0 flail
 O - a +0,+4 orcish flail of protection (weapon)
Missiles
 w - 16 poisoned needles
Armour
 h - a +0 cap (worn)
 t - a +0 pair of dwarven gauntlets (worn)
 y - a +0 orcish chain mail (worn)
 N - a +1 cloak (worn)
Magical devices
 z - a wand of frost (0)
 L - a wand of frost (9)
Comestibles
 d - 6 meat rations
 v - 6 bread rations
Scrolls
 e - a scroll of enchant weapon II
 i - 2 scrolls of remove curse
 D - 2 scrolls of identify
 E - a scroll of recharging
 M - 2 scrolls of curse weapon {unknown}
Jewellery
 s - a +1 ring of intelligence
 u - a +3 ring of protection (right hand)
 B - a ring of regeneration (left hand)
 C - an uncursed ring of protection from cold
 F - an uncursed ring of protection from cold
 Q - an amulet of rage (around neck)
Potions
 b - a potion of curing
 c - 3 potions of heal wounds
 k - a potion of flight
 n - 2 potions of cure mutation
 o - a potion of resistance
 x - 3 potions of agility
 A - 7 potions of might


   Skills:
 - Level 6.3 Fighting
 - Level 3.4 Short Blades
 * Level 7.3 Maces & Flails
 + Level 9.5 Armour
 - Level 3.3 Dodging
 * Level 9.1 Invocations
 + Level 2.7 Evocations


You had 9 spell levels left.
You didn't know any spells.

Dungeon Overview and Level Annotations

Branches:
Dungeon (8/27)             Temple (0/1) D:7
    Orc: D:6-11        Lair: D:8-13

Altars:
Fedhas
Kikubaaqudgha
Nemelex Xobeh
Vehumet
Yredelemnul

Shops:
D:4 %[=   D:7 /

Annotations:
D:3 Duskembrace's ghost, average FoEn
D:8 Psyche


Innate Abilities, Weirdness & Mutations

You can tolerate rotten meat.


Message History

You feel much better. It hits you but does no damage.
Space warps horribly around you!
* * * LOW HITPOINT WARNING * * *
It hits you but does no damage.
Your surroundings suddenly seem different.
Your surroundings suddenly seem different.
An orc priest comes into view. It is wielding an orcish club.
The orc priest shouts!
The orc priest glows brightly for a moment.
Found three items.
A ball python comes into view.
A quokka and an orc come into view.
The orc shouts!
The orc priest invokes the aid of Beogh against you.
Something smites you!
* * * LOW HITPOINT WARNING * * *
The quokka moves out of view.
The orc moves out of view.
The orc priest invokes the aid of Beogh against you.
Something smites you!
You die...

..... . ....#
.. .. .##
.###. #... .
..#.. #...
_... #.... S.#
#?...###o##
#.....#.%(#..#
#...@.....#
###########


You could see an orc priest and a ball python.

Vanquished Creatures
  Erolcha (D:8)
  Pikel (D:5)
  Prince Ribbit (D:5)
  A hill giant skeleton (D:8)
  4 slaves (D:4)
  An ogre (D:4)
  4 centaurs
  3 big kobolds
  Sigmund (D:5)
  Duvessa (D:8)
  4 giant frogs
  3 killer bees (D:8)
  A goliath beetle (D:7)
  3 crimson imps
  5 wights (D:6)
  Dowan (D:8)
  A centaur zombie (D:8)
  3 jellies (D:7)
  Crazy Yiuf (D:3)
  2 orc priests
  3 scorpions
  5 hounds
  6 orc wizards
  An iguana (D:7)
  7 worker ants
  A hound skeleton (D:4)
  An ogre skeleton (D:4)
  4 gnolls (D:4)
  4 green rats
  A big fish zombie (D:6)
  10 adders
  A spectral human (D:6)
  A giant mite (D:3)
  3 worms
  An iguana skeleton (D:8)
  An adder skeleton (D:5)
  20 grey rats
  2 giant eyeballs
  32 orcs
  12 bats
  4 giant cockroaches
  9 hobgoblins
  10 jackals
  28 kobolds
  3 quokkas
  6 ball pythons
  2 giant geckos
  4 giant newts
  12 goblins
  A jackal skeleton (D:6)
  A kobold skeleton (D:5)
  22 rats
  2 ballistomycetes (D:7)
262 creatures vanquished.

Vanquished Creatures (others)
  3 orcs
  A hobgoblin (D:1)
  2 jackals (D:7)
  A kobold (D:1)
  A giant cockroach (D:7)
  2 giant spores
  A goblin (D:7)
11 creatures vanquished.

Grand Total: 273 creatures vanquished

Notes
Turn   | Place    | Note
--------------------------------------------------------------
     0 | D:1      | Malachi, the Hill Orc Healer, began the quest for the Orb.
     0 | D:1      | Reached XP level 1. HP: 17/17 MP: 2/2
   225 | D:1      | Reached skill level 5 in Invocations
   287 | D:1      | Reached XP level 2. HP: 9/24 MP: 4/4
   530 | D:1      | HP: 1/24 [poisoned by a kobold]
  1577 | D:2      | Reached XP level 3. HP: 26/30 MP: 6/6
  2141 | D:3      | HP: 1/30 [orc/orcish trident (2)]
  2142 | D:4      | Found Hiusi's Food Boutique.
  2155 | D:4      | Reached XP level 4. HP: 28/37 MP: 8/8
  2496 | D:3      | Noticed Duskembrace's ghost (average FoEn)
  2762 | D:3      | Reached skill level 1 in Armour
  2781 | D:3      | Reached skill level 1 in Short Blades
  2893 | D:3      | Found a glowing drain.
  2909 | Sewer    | Entered a sewer
  2960 | Sewer    | Reached XP level 5. HP: 42/44 MP: 10/10
  3511 | Sewer    | Noticed a big kobold
  3525 | Sewer    | Killed a big kobold
  3591 | Sewer    | Reached XP level 6. HP: 34/50 MP: 12/12
  4354 | Sewer    | Noticed a big kobold
  4368 | Sewer    | Killed a big kobold
  4956 | D:4      | Reached XP level 7. HP: 57/57 MP: 14/14
  5349 | D:4      | Noticed an ogre
  5366 | D:4      | Killed an ogre
  5529 | D:4      | Found Kleipoah's Armour Shop.
  5604 | D:4      | Found Seirchoid's Jewellery Emporium.
  5644 | D:4      | Reached skill level 5 in Armour
  6308 | D:3      | Noticed Crazy Yiuf
  6320 | D:3      | Paralysed by Crazy Yiuf for 4 turns
  6326 | D:3      | Killed Crazy Yiuf
  6663 | D:5      | Entered Level 5 of the Dungeon
  6778 | D:5      | Noticed Prince Ribbit
  6792 | D:5      | Killed Prince Ribbit
  6792 | D:5      | Reached skill level 6 in Invocations
  6792 | D:5      | Reached XP level 8. HP: 38/64 MP: 12/17
  7109 | D:5      | Noticed Sigmund
  7121 | D:5      | Killed Sigmund
  7121 | D:5      | Reached skill level 5 in Fighting
  7269 | D:5      | Noticed Pikel
  7467 | D:5      | Killed Pikel
  7467 | D:5      | Reached skill level 7 in Armour
  8474 | D:6      | Found an ancient bone altar of Kikubaaqudgha.
  8523 | D:6      | Reached XP level 9. HP: 68/72 MP: 20/20
  8532 | D:6      | Reached skill level 8 in Invocations
  8944 | D:6      | Found a sparkling altar of Nemelex Xobeh.
  9054 | D:6      | Reached skill level 1 in Maces & Flails
  9303 | D:7      | Paralysed by a giant eyeball for 4 turns
  9735 | D:7      | Reached skill level 1 in Evocations
  9883 | D:7      | Found Neufeil's Magical Wand Shop.
 10001 | D:7      | Found a staircase to the Ecumenical Temple.
 10018 | D:7      | Reached skill level 9 in Armour
 10855 | D:6      | Found a basalt altar of Yredelemnul.
 10901 | D:6      | Reached skill level 5 in Maces & Flails
 10970 | D:6      | Got a smelly ring mail
 10972 | D:6      | Identified the cursed -2 ring mail of Devotion {Str+3 Dex+2} (You took it off a wight on level 6 of the Dungeon)
 11022 | D:6      | Found a blossoming altar of Fedhas.
 11352 | D:8      | Reached XP level 10. HP: 80/80 MP: 22/22
 11416 | D:8      | Noticed Erolcha
 11466 | D:8      | Noticed Dowan
 11469 | D:8      | Killed Erolcha
 11483 | D:8      | Killed Dowan
 11665 | D:8      | Noticed Duvessa
 11675 | D:8      | Killed Duvessa
 11696 | D:8      | Paralysed by a potion of paralysis for 5 turns
 11786 | D:8      | Noticed Psyche
 11818 | D:8      | Found a radiant altar of Vehumet.
 11818 | D:8      | HP: 4/80 [orc priest/divine providence (13)]
 11818 | D:8      | Killed from afar by an orc priest

Action                   |  1- 3 |  4- 6 |  7- 9 | 10-12 || total
-------------------------+-------+-------+-------+-------++-------
Melee: Unarmed           |    41 |       |       |       ||    41
       Club              |    11 |       |       |       ||    11
       Short sword       |    90 |   254 |   198 |       ||   542
       Whip              |     6 |       |   338 |       ||   344
       Flail             |       |       |   234 |   110 ||   344
Invok: Lesser Healing    |     3 |       |    34 |    11 ||    48
       Purification      |       |     1 |       |       ||     1
Evoke: Wand              |       |       |    26 |       ||    26
  Use: Potion            |     2 |       |     5 |    12 ||    19
       Scroll            |       |     4 |    19 |     1 ||    24
